 Seeded DCSS version 0.30-a0-359-gd0147acb1a (webtiles) character file.

Game seed: 20221111 (custom seed)

161 Nerdsrcool the Conjurer (level 5, -3/24 HPs)
             Began as a Vine Stalker Conjurer on Nov 11, 2022.
             Slain by Ijyb
             ... wielding a +5 club
              (6 damage)
             ... on level 3 of the Dungeon.
             The game lasted 00:10:47 (2520 turns).

Nerdsrcool the Conjurer (Vine Stalker Conjurer)     Turns: 2520, Time: 00:10:48

Health: -3/24      AC:  0    Str:  8    XL:     5   Next: 42%
Magic:  0/10       EV: 11    Int: 18    God:
Gold:   211        SH:  0    Dex: 14    Spells: 7/10 levels left

rFire   + . .      SeeInvis .    (weapon currently unavailable)
rCold   + . .      Faith    .    (shield currently unavailable)
rNeg    . . .      Spirit   +    (body armour currently unavailable)
rPois   +          Reflect  .    (helmet currently unavailable)
rElec   +          Harm     .    (cloak currently unavailable)
rCorr   +          Rampage  .    (gloves currently unavailable)
Will    .....                    (boots currently unavailable)
Stlth   ++........               i - amulet of regeneration
HPRegen 1.84/turn                (ring currently unavailable)
MPRegen 0.12/turn                (ring currently unavailable)

@: pig-form, resistant, constricted, very quick
A: fast, no casting, small, (fangs 2), regeneration 1, magic shield, (antimagic
bite), no potion heal 2, (horns 1), (large bone plates 1), weak 1
a: no special abilities


You were on level 3 of the Dungeon.
You were a filthy swine.
You visited 1 branch of the dungeon, and saw 3 of its levels.

You collected 211 gold pieces.

Inventory:

Hand Weapons
 c - a +3 vampiric short sword (melded)
 h - a +4 whip
Armour
 a - a +0 robe (melded)
 k - a +0 pair of boots (melded)
Jewellery
 i - an amulet of regeneration (around neck)
Scrolls
 d - a scroll of blinking {unknown}
 f - a scroll of enchant armour {unknown}
 g - a scroll of poison {unknown}
 l - a scroll of immolation {unknown}
 m - 2 scrolls of identify {unknown}
 p - a scroll of brand weapon {unknown}
 q - a scroll of summoning {unknown}
Potions
 b - 3 potions of magic
 j - 2 potions of mutation
 n - a potion of attraction {unknown}
 o - a potion of curing


   Skills:
 + Level 0.3 Fighting
 + Level 1.1 Short Blades
 + Level 1.7 Dodging
 + Level 3.2 Stealth
 + Level 0.2 Unarmed Combat
 + Level 3.0 Spellcasting
 + Level 5.5 Conjurations


You had 7 spell levels left.
You knew the following spells:

 Your Spells              Type           Power      Damage    Failure   Level
a - Magic Dart            Conj           88%        1d7       1%          1
b - Poisonous Vapours     Pois/Air       4%         N/A       24%         2

Your spell library contained the following spells:

 Spells                   Type           Power      Damage    Failure   Level
 Searing Ray              Conj           44%        2d6       2%          2
 Necrotise                Necr           8%         1d4       16%         1
 Sandblast                Erth           4%         2d4       16%         1
 Sting                    Tmut/Pois      8%         1d3       16%         1
 Dazzling Flash           Conj/Hex       24%        N/A       16%         3
 Stone Arrow              Conj/Erth      24%        3d8       16%         3
 Ensorcelled Hibernation  Hex/Ice        4%         N/A       24%         2
 Passwall                 Tmut/Erth      1%         N/A       24%         2
 Call Canine Familiar     Summ           2%         N/A       43%         3
 Portal Projectile        Hex/Tloc       4%         N/A       43%         3
 Swiftness                Air            2%         N/A       43%         3
 Vampiric Draining        Necr           2%         2d6       43%         3
 Fulminant Prism          Conj/Hex       6%         3d7       45%         4
 Iskenderun's Mystic Bla  Conj/Tloc      12%        2d5       45%         4
 Leda's Liquefaction      Hex/Erth       1%         N/A       85%         4
 Olgreb's Toxic Radiance  Pois           2%         N/A       85%         4
 Agony                    Necr           2%         N/A       99%         5


Dungeon Overview and Level Annotations

Branches:
Dungeon (3/15)

Altars:

Annotations:
D:3 Ijyb


Innate Abilities, Weirdness & Mutations

You are a filthy swine.
You move quickly.
Your equipment is almost entirely melded.
You are incapable of wielding weapons or throwing items.
You cannot cast spells.
((You have extremely sharp teeth.))
Your natural rate of healing is unusually fast.
When hurt, damage is shared between your health and your magic reserves.
((Your bite disrupts and absorbs the magic of your enemies.))
Potions cannot restore your health.
((You have a pair of small horns on your head.))
((You are partially covered in large bone plates. (SH +4)))
You are weak. (Str -2)


Message History

Ijyb hits you with a +5 club!
You hit Ijyb but do no damage.
Ijyb is lightly wounded.
The ball python closely misses you. The ball python grabs you.
The ball python constricts you. Ijyb closely misses you.
You hit the ball python but do no damage.
The ball python bites you. The ball python constricts you.
Ijyb barely misses you.
You hit the ball python but do no damage.
The ball python barely misses you. The ball python constricts you.
Ijyb barely misses you. The ball python bites you.
The ball python constricts you.
You hit the ball python but do no damage.
Ijyb hits you with a +5 club. The ball python misses you.
The ball python constricts you.
You hit the ball python.
The ball python is moderately wounded.
The ball python bites you. The ball python constricts you.
Ijyb hits you with a +5 club!
* * * LOW HITPOINT WARNING * * *
It was a potion of mutation.
You feel extremely strange. A pair of horns grows on your head!
You feel weaker.
Large bone plates grow over parts of your arms.
The ball python bites you.
* * * LOW HITPOINT WARNING * * *
The ball python constricts you.
* * * LOW HITPOINT WARNING * * *
Ijyb closely misses you.
It was a potion of resistance.
You feel protected. The ball python bites you.
* * * LOW HITPOINT WARNING * * *
The ball python constricts you.
* * * LOW HITPOINT WARNING * * *
Ijyb completely misses you.
It was a potion of curing.
That felt strangely inert.
The ball python barely misses you. The ball python constricts you.
* * * LOW HITPOINT WARNING * * *
Ijyb hits you with a +5 club!
You die...

.# ..##### ....... ....
.......######### ....
...............# .# #..#
#.....g##.###..####.# #..#
#.....Sh..# #......## #$.#
#.##.##.#.# #.......# #..#
#.##.##.##....#.####.#
#..###.##....#########
#)...........###..###~~##..#
##.###.##..#.##.##.#.~~.#..#
#.###.##...##.###8#.~~.#..#
#.##........#.#####.~~.#..#
#..#..##....##.## #.≈~.#..#


You could see Ijyb and a ball python.

Vanquished Creatures
  A phantom (D:3)
  Terence (D:3)
  An adder (D:2)
  A worm (D:3)
  3 dart slugs (D:1)
  2 ball pythons
  6 endoplasms
  6 giant cockroaches
  4 goblins
  5 hobgoblins
  2 quokkas (D:1)
  4 bats
  5 kobolds
  2 rats
43 creatures vanquished.

Notes
Turn   | Place    | Note
-------+----------+-------------------------------------------
     0 | D:1      | Nerdsrcool the Vine Stalker Conjurer began the quest for
                  | the Orb.
     0 | D:1      | Reached XP level 1. HP: 9/9 MP: 4/4
    45 | D:1      | Reached XP level 2. HP: 13/13 MP: 1/6
   458 | D:1      | Reached XP level 3. HP: 16/16 MP: 4/7
  2061 | D:3      | Noticed Terence
  2069 | D:3      | Killed Terence
  2070 | D:3      | Reached skill level 5 in Conjurations
  2070 | D:3      | Gained mutation: Your natural rate of healing is unusually
                  | fast. [Vine Stalker growth]
  2070 | D:3      | Reached XP level 4. HP: 21/21 MP: 3/8
  2193 | D:3      | Learned a level 2 spell: Poisonous Vapours
  2241 | D:3      | Noticed a phantom
  2263 | D:3      | Killed a phantom
  2264 | D:3      | Reached skill level 1 in Short Blades
  2264 | D:3      | Reached XP level 5. HP: 19/24 MP: 2/10
  2481 | D:3      | Noticed Ijyb
  2518 | D:3      | Gained mutation: You have a pair of small horns on your
                  | head. [potion of mutation]
  2518 | D:3      | Gained mutation: You are weak. (Str -2) [potion of
                  | mutation]
  2518 | D:3      | Gained mutation: You are partially covered in large bone
                  | plates. (SH +4) [potion of mutation]
  2520 | D:3      | Slain by Ijyb

Illustrated notes

Levels and vault maps discovered:
D:1:      eino_arrival_tree_alley, layout_rooms, minmay_split_cup_small
D:2:      layout_loops_corners, serial_co_window_serial,
          co_window_of_opportunity_a, co_window_paths_b,
          co_window_of_opportunity_a, co_window_paths_a, co_window_paths_a,
          co_window_corner_b, co_window_corner_ca, co_window_corner_b,
          glass_columns_a, glass_columns_a, glass_columns_a, glass_columns_c
D:3:      wad_river_or_something, layout_loops_ring,
          mainiacjoe_overflow_cross_hatched, grunt_ministairs_14, uniq_terence,
          uniq_ijyb

Skill      XL: |  1  2  3  4 |
---------------+-------------+-----
Stealth        | 3 |  3.2
Conjurations   | 5 |  5.5
Short Blades   | 1 |  1.1
Spellcasting   | 3 |  3.0
Fighting       | |  0.3
Dodging        | |  1.7
Unarmed Combat | |  0.2

Action                   |  1- 3 |  4- 6 || total
-------------------------+-------+-------++-------
Melee: Unarmed           |     4 |     6 ||    10
       Bite              |     8 |     7 ||    15
       Short sword       |    26 |    30 ||    56
 Cast: Magic Dart        |    59 |    26 ||    85
  Use: Scroll            |     3 |       ||     3
       Potion            |       |     3 ||     3
 Stab: Sleeping          |       |     1 ||     1
Armor: Robe              |     9 |     2 ||    11
Dodge: Dodged            |     9 |    19 ||    28

Table legend: (Time is in decaauts)
 A = Elapsed time spent in this place.
 B = Non-inter-level travel time spent in this place.
 C = Inter-level travel time spent in this place.
 D = Time resting spent in this place.
 E = Time spent auto-exploring this place.
 F = Levels seen in this place.
 G = Mean time per level.
                   A        B        C        D        E       F      G
               +--------+--------+--------+--------+--------+-----+--------+
         Total |   2520 |   2482 |     38 |     41 |   2007 |   3 |  840.0 |
       Dungeon |   2520 |   2482 |     38 |     41 |   2007 |   3 |  840.0 |
               +--------+--------+--------+--------+--------+-----+--------+

Top non-repeatable levels by time:
     D:2: 1202 daAuts
     D:1: 852 daAuts
     D:3: 464 daAuts
